 Dungeon Sprint DCSS version 0.17-a0-1718-g72dbe4d (webtiles) character file.

9286 nuthulu the Brawler (level 11, -5/127 HPs)
             Began as a Troll Berserker on Aug 26, 2015.
             Was a High Priest of Trog.
             Slain by an eight-headed hydra (17 damage)
             ... in the Dungeon (Sprint III: "The Ten Rune Challenge").
             The game lasted 00:08:04 (1816 turns).

nuthulu the Brawler (Troll Berserker)               Turns: 1816, Time: 00:08:05

Health: -5/127     AC:  7    Str: 27    XL:     11   Next: 21%
Magic:  10/10      EV: 17    Int:  1    God:    Trog [*****.]
Gold:   21         SH:  0    Dex: 14    Spells: 0 memorised, 10 levels left

rFire  . . .     SeeInvis .       - Unarmed
rCold  . . .     Clarity  .     d - +2 robe {MR+}
rNeg   . . .     SustAt   .     (no shield)
rPois  .         Gourm    +     (helmet restricted)
rElec  .         Spirit   .     (no cloak)
rCorr  .         Warding  .     (gloves unavailable)
rMut   .         NoTele   +     (boots unavailable)
MR     +++..                    (no amulet)
Stlth  +.........               (no ring)
                                (no ring)

@: regenerating, extremely resistant to hostile enchantments, very unstealthy
A: unfitting armour, claws 3, agile 1, blurry vision 1, dopey 1, fast metabolism
3, gourmand, regeneration 2, shaggy fur 1, tough skin 2, no device heal 1
a: Burn Spellbooks, Berserk, Trog's Hand, Brothers in Arms, Renounce Religion


You were in the Dungeon.
You worshipped Trog.
Trog was extremely pleased with you.
You were not hungry.

You visited 1 branch You collected 21 gold pieces.

Inventory:

Hand weapons
 c - a +0 blowgun
Missiles
 n - 5 throwing nets (quivered)
 t - 7 curare-tipped needles
Armour
 a - a +0 animal skin
 d - a +2 robe of magic resistance (worn)
Magical devices
 j - a wand of frost (8)
Scrolls
 h - a scroll of blinking
 i - a scroll of identify
 k - a scroll of holy word {unknown}
 l - a scroll of enchant weapon {unknown}
 p - a scroll of torment {unknown}
 q - 2 scrolls of remove curse
Potions
 e - a potion of haste
 f - 2 potions of magic
 g - a potion of berserk rage
 o - a potion of lignification {unknown}
 r - a potion of flight {unknown}
Comestibles
 b - 2 bread rations
 m - 5 fruits
 s - 22 royal jellies
 u - a chunk of flesh


   Skills:
 + Level 13.5 Fighting
 + Level 13.4 Dodging
 + Level 15.6 Unarmed Combat


You had 10 spell levels left.
You didn't know any spells.

Dungeon Overview and Level Annotations

Branches:
Dungeon (1/1)

Altars:
Cheibriados
Dithmenos
Elyvilon
Fedhas
Gozag
Kikubaaqudgha
Makhleb
Nemelex Xobeh
Okawaru
Qazlal
Ru
Sif Muna
Trog
Vehumet
Xom
Yredelemnul
Zin
The Shining One
Jiyva
Lugonu


Innate Abilities, Weirdness & Mutations

You are too large for most types of armour.
You have claws for hands.
Your metabolism is lightning-fast.
You like to eat raw meat.
You heal very quickly.
You are covered in fur (AC +1).
You have very tough skin (AC +2).
You are agile. (Dex +2)
Scrolls take you a little longer to read.
You are dopey. (Int -2)
Potions and wands are less effective at restoring your health.


Message History

The eight-headed hydra barely misses you.
The eight-headed hydra closely misses you.
The eight-headed hydra completely misses you.
The eight-headed hydra barely misses you.
The eight-headed hydra misses you. The eight-headed hydra bites you!
* * * LOW HITPOINT WARNING * * *
The eight-headed hydra completely misses you.
The eight-headed hydra bites you!
* * * LOW HITPOINT WARNING * * *
The death drake closely misses you.
You closely miss the death drake. You claw the death drake!
The death drake is severely wounded.
The four-headed hydra completely misses you.
The four-headed hydra bites you but does no damage.
The four-headed hydra bites you!
* * * LOW HITPOINT WARNING * * *
The four-headed hydra misses you.
The eight-headed hydra barely misses you.
The eight-headed hydra bites you!
You die...

#..♣♣ ♣♣♣##)###
###†♣♣♣♣♣♣♣♣♣♣♣♣♣♣♣
#.).+
♣♣♣♣(##..##≈≈≈≈≈≈..#
#...#
♣...##.##.#≈≈≈≈≈...#
#...#
♣♣.##.##.##'≈≈≈§≈####
#####
♣..#)##.).#≈≈.§...§?
♣♣.##.##..#≈..+####
♣♣.##.#####D..#
♣†....##.k@D..#
########+######


You could see a death drake, an eight-headed hydra and a four-headed hydra.

Vanquished Creatures
  Sigmund (D)
  Maud (D)
  Erolcha (D)
  A lindwurm (D)
  A spiny frog (D)
  A deep elf priest (D)
  A queen bee (D)
  A shadow (D)
  4 redbacks (D)
  2 trapdoor spiders (D)
  2 hill giants (D)
  A spatial vortex (D)
  3 wandering mushrooms (D)
  A necrophage (D)
  2 brain worms (D)
  3 two-headed ogres (D)
  A water elemental (D)
  An electric eel (D)
  32 killer bees (D)
  A jelly (D)
  A necromancer (D)
  A wizard (D)
  2 humans (D)
  A kobold demonologist (D)
  2 oozes (D)
  A phantom (D)
  2 rats (D)
71 creatures vanquished.

Vanquished Creatures (collateral kills)
  Edmund (D)
  A spiny frog (D)
  A komodo dragon (D)
  A human (D)
4 creatures vanquished.

Vanquished Creatures (others)
  2 draconian scorchers (D)
  2 fire drakes (D)
  3 yaktaurs (D)
  5 plants (D)
12 creatures vanquished.

Grand Total: 87 creatures vanquished

Notes
Turn   | Place    | Note
--------------------------------------------------------------
     0 | D        | nuthulu the Troll Berserker began the quest for the Orb.
     0 | D        | Reached XP level 1. HP: 22/22 MP: 0/0
    17 | D        | Acquired Trog's second power
    17 | D        | Reached XP level 2. HP: 22/31 MP: 1/1
    54 | D        | Killed a yaktaur
    77 | D        | Reached skill level 4 in Unarmed Combat
    77 | D        | Reached XP level 3. HP: 30/39 MP: 2/2
    97 | D        | Killed a fire drake
   158 | D        | Gained mutation: Potions and wands are less effective at restoring your health. [potion of mutation]
   158 | D        | Gained mutation: You are dopey. (Int -2) [potion of mutation]
   159 | D        | Gained mutation: You are frail (-10% HP). [potion of mutation]
   159 | D        | Gained mutation: You have sharp toenails. [potion of mutation]
   159 | D        | Gained mutation: Scrolls take you a little longer to read. [potion of mutation]
   160 | D        | Lost intelligence.
   160 | D        | Gained mutation: You are very dopey. (Int -4) [potion of mutation]
   160 | D        | Gained mutation: Scrolls take you longer to read. [potion of mutation]
   160 | D        | Gained mutation: You are agile. (Dex +2) [potion of mutation]
   163 | D        | Lost mutation: You have sharp toenails. [potion of cure mutation]
   164 | D        | Lost mutation: You are very dopey. (Int -4) [potion of cure mutation]
   164 | D        | Lost mutation: Scrolls take you longer to read. [potion of cure mutation]
   164 | D        | Lost mutation: You are frail (-10% HP). [potion of cure mutation]
   178 | D        | Noticed a water elemental
   182 | D        | Killed a water elemental
   182 | D        | Reached skill level 5 in Unarmed Combat
   182 | D        | Reached XP level 4. HP: 49/49 MP: 3/3
   189 | D        | Killed a white draconian scorcher
   192 | D        | Killed a white draconian scorcher
   215 | D        | Found a radiant altar of Vehumet.
   215 | D        | Found a deep blue altar of Sif Muna.
   215 | D        | Found an ancient bone altar of Kikubaaqudgha.
   215 | D        | Noticed a wizard
   217 | D        | Killed a wizard
   217 | D        | Reached skill level 5 in Fighting
   217 | D        | Reached skill level 5 in Dodging
   217 | D        | Killed a fire drake
   219 | D        | Reached skill level 6 in Unarmed Combat
   230 | D        | Acquired Trog's third power
   237 | D        | Found a glowing silver altar of Zin.
   237 | D        | Found a glowing golden altar of the Shining One.
   237 | D        | Found a white marble altar of Elyvilon.
   238 | D        | Noticed a deep elf priest
   244 | D        | Killed a deep elf priest
   244 | D        | Reached skill level 7 in Fighting
   244 | D        | Reached skill level 8 in Unarmed Combat
   244 | D        | Reached XP level 5. HP: 34/62 MP: 4/4
   244 | D        | Reached XP level 6. HP: 38/71 MP: 5/5
   314 | D        | Found a basalt altar of Yredelemnul.
   314 | D        | Found a snail-covered altar of Cheibriados.
   314 | D        | Found a blossoming altar of Fedhas.
   314 | D        | Noticed a necrophage
   314 | D        | Noticed a necromancer
   317 | D        | Killed a necrophage
   319 | D        | Killed a necromancer
   368 | D        | Found an iron altar of Okawaru.
   368 | D        | Found a bloodstained altar of Trog.
   368 | D        | Noticed a human
   372 | D        | Noticed a human
   378 | D        | Killed a human
   378 | D        | Reached skill level 9 in Unarmed Combat
   378 | D        | Reached XP level 7. HP: 57/79 MP: 6/6
   381 | D        | Killed a human
   424 | D        | Noticed a jelly
   425 | D        | Noticed a shadow
   431 | D        | Killed a shadow
   431 | D        | Reached skill level 10 in Unarmed Combat
   433 | D        | Killed a jelly
   469 | D        | Found a stormy altar of Qazlal.
   469 | D        | Found a sacrificial altar of Ru.
   469 | D        | Found a burning altar of Makhleb.
   469 | D        | Found a shimmering altar of Xom.
   470 | D        | Noticed a spatial vortex
   470 | D        | Found a viscous altar of Jiyva.
   470 | D        | Found a shadowy altar of Dithmenos.
   470 | D        | Found a sparkling altar of Nemelex Xobeh.
   470 | D        | Found a corrupted altar of Lugonu.
   470 | D        | Found an opulent altar of Gozag.
   485 | D        | Killed a spatial vortex
   492 | D        | Noticed a two-headed ogre
   492 | D        | Noticed a two-headed ogre
   502 | D        | Killed a two-headed ogre
   502 | D        | Reached XP level 8. HP: 67/91 MP: 7/7
   516 | D        | Noticed a two-headed ogre
   529 | D        | HP: 4/91 [two-headed ogre/giant club (31)]
   537 | D        | Killed a two-headed ogre
   700 | D        | Killed a two-headed ogre
   702 | D        | Noticed a hill giant
   711 | D        | Killed a hill giant
   741 | D        | Noticed a hill giant
   741 | D        | Noticed Erolcha
   748 | D        | Killed a hill giant
   748 | D        | Reached skill level 11 in Unarmed Combat
   753 | D        | Killed Erolcha
   753 | D        | Received a gift from Trog
   753 | D        | Reached skill level 10 in Fighting
   753 | D        | Reached skill level 10 in Dodging
   753 | D        | Reached XP level 9. HP: 101/101 MP: 8/8
   783 | D        | Noticed a redback
   783 | D        | Noticed a trapdoor spider
   787 | D        | Killed a trapdoor spider
   787 | D        | Reached skill level 12 in Unarmed Combat
   790 | D        | Killed a redback
   806 | D        | Noticed a trapdoor spider
   810 | D        | Killed a trapdoor spider
   975 | D        | Noticed a wandering mushroom
   981 | D        | Noticed a wandering mushroom
   983 | D        | Noticed a wandering mushroom
  1038 | D        | Noticed a killer bee
  1038 | D        | Noticed a killer bee
  1038 | D        | Noticed a killer bee
  1040 | D        | Noticed a killer bee
  1040 | D        | Killed a killer bee
  1041 | D        | Noticed a killer bee
  1041 | D        | Killed a killer bee
  1042 | D        | Noticed a killer bee
  1043 | D        | Noticed a killer bee
  1043 | D        | Noticed a killer bee
  1043 | D        | Noticed a killer bee
  1044 | D        | Killed a killer bee
  1045 | D        | Noticed a killer bee
  1047 | D        | Noticed a killer bee
  1047 | D        | Killed a killer bee
  1048 | D        | Noticed a killer bee
  1048 | D        | Killed a killer bee
  1048 | D        | Noticed a killer bee
  1049 | D        | Noticed a killer bee
  1052 | D        | Killed a killer bee
  1052 | D        | Received a gift from Trog
  1053 | D        | Noticed a killer bee
  1053 | D        | Killed a killer bee
  1055 | D        | Noticed a killer bee
  1055 | D        | Killed a killer bee
  1056 | D        | Killed a killer bee
  1056 | D        | Noticed a killer bee
  1059 | D        | Noticed a killer bee
  1060 | D        | Noticed a killer bee
  1060 | D        | Killed a killer bee
  1061 | D        | Noticed a killer bee
  1061 | D        | Killed a killer bee
  1062 | D        | Noticed a killer bee
  1064 | D        | Noticed a killer bee
  1066 | D        | Killed a killer bee
  1067 | D        | Killed a killer bee
  1067 | D        | Received a gift from Trog
  1067 | D        | Reached skill level 13 in Unarmed Combat
  1068 | D        | Noticed a killer bee
  1069 | D        | Noticed a killer bee
  1072 | D        | Noticed a killer bee
  1076 | D        | Killed a killer bee
  1078 | D        | Killed a killer bee
  1081 | D        | Noticed a killer bee
  1081 | D        | Killed a yaktaur
  1084 | D        | Noticed a killer bee
  1084 | D        | Killed a killer bee
  1085 | D        | Killed a killer bee
  1086 | D        | Noticed a killer bee
  1089 | D        | Killed a killer bee
  1093 | D        | Killed a killer bee
  1094 | D        | Killed a killer bee
  1094 | D        | Received a gift from Trog
  1095 | D        | Killed a killer bee
  1096 | D        | Killed a killer bee
  1098 | D        | Killed a killer bee
  1102 | D        | Noticed a killer bee
  1102 | D        | Killed a killer bee
  1103 | D        | Killed a killer bee
  1105 | D        | Killed a killer bee
  1106 | D        | Noticed a queen bee
  1106 | D        | Killed a killer bee
  1107 | D        | Killed a killer bee
  1107 | D        | Received a gift from Trog
  1108 | D        | Killed a killer bee
  1109 | D        | Noticed a killer bee
  1109 | D        | Noticed a killer bee
  1109 | D        | Noticed a killer bee
  1111 | D        | Killed a killer bee
  1117 | D        | Killed a killer bee
  1122 | D        | Killed a killer bee
  1122 | D        | Reached XP level 10. HP: 68/114 MP: 9/9
  1124 | D        | Killed a queen bee
  1246 | D        | Killed a yaktaur
  1257 | D        | Noticed Sigmund
  1259 | D        | Noticed Edmund
  1277 | D        | Killed Sigmund
  1277 | D        | Received a gift from Trog
  1277 | D        | Reached skill level 14 in Unarmed Combat
  1290 | D        | Killed Edmund
  1430 | D        | Killed a wandering mushroom
  1434 | D        | Killed a wandering mushroom
  1438 | D        | Killed a wandering mushroom
  1473 | D        | Noticed a spiny frog
  1473 | D        | Noticed a komodo dragon
  1473 | D        | Noticed a spiny frog
  1483 | D        | Killed a komodo dragon
  1484 | D        | Killed a spiny frog
  1484 | D        | Reached skill level 15 in Unarmed Combat
  1486 | D        | Killed a spiny frog
  1624 | D        | Noticed a redback
  1625 | D        | Killed a redback
  1627 | D        | Noticed a brain worm
  1629 | D        | Killed a brain worm
  1629 | D        | Received a gift from Trog
  1634 | D        | Noticed a brain worm
  1639 | D        | Killed a brain worm
  1639 | D        | Reached XP level 11. HP: 127/127 MP: 10/10
  1663 | D        | Noticed a lindwurm
  1664 | D        | Noticed a redback
  1668 | D        | Killed a lindwurm
  1670 | D        | Killed a redback
  1680 | D        | Noticed a redback
  1683 | D        | Killed a redback
  1683 | D        | Received a gift from Trog
  1749 | D        | Noticed Maud
  1755 | D        | Killed Maud
  1781 | D        | Noticed an electric eel
  1782 | D        | Noticed a four-headed hydra
  1782 | D        | Noticed an eight-headed hydra
  1809 | D        | Killed an electric eel
  1810 | D        | Noticed a death drake
  1816 | D        | Slain by an eight-headed hydra

Vault maps used:
D:        dungeon_sprint_mu

Action                   |  1- 3 |  4- 6 |  7- 9 | 10-12 || total
-------------------------+-------+-------+-------+-------++-------
Melee: Unarmed           |    31 |    10 |   134 |    41 ||   216
 Fire: Blowgun           |       |       |       |     1 ||     1
Invok: Berserk           |     1 |     2 |     2 |     2 ||     7
       Burn Spellbooks   |       |     1 |       |       ||     1
       Brothers in Arms  |       |     1 |       |     4 ||     5
       Trog's Hand       |       |       |       |     2 ||     2
  Use: Potion            |     5 |       |     2 |     1 ||     8
       Scroll            |     2 |       |       |       ||     2
  Eat: Chunk             |     6 |     2 |     6 |     2 ||    16
       Royal jelly       |       |       |       |     4 ||     4
